 Dungeon Crawl Stone Soup version 0.20.1-1-g8b1a95d (webtiles) character file.

1031 Kingsmith the Thaumaturge (level 8, -1/46 HPs)
             Began as a Deep Elf Venom Mage on Dec 10, 2017.
             Slain by a hippogriff (8 damage)
             ... on level 6 of the Dungeon.
             The game lasted 00:15:06 (5870 turns).

Kingsmith the Thaumaturge (Deep Elf Venom Mage)     Turns: 5870, Time: 00:15:06

Health: -1/46      AC:  5    Str:  6    XL:     8   Next: 3%
Magic:  14/24      EV: 11    Int: 22    God:
Gold:   125        SH:  0    Dex: 15    Spells: 12/27 levels left

rFire    . . .     SeeInvis .   o - +0 falchion (holy)
rCold    . . .     Gourm    .   (no shield)
rNeg     . . .     Faith    .   a - +0 robe
rPois    .         Spirit   .   (no helmet)
rElec    .         Reflect  .   m - +0 cloak
rCorr    +         Harm     .   (no gloves)
MR       .....                  s - +1 pair of boots
Stlth    ++........             (no amulet)
Regen    0.2/turn               u - ring of resist corrosion
MPRegen  0.2/turn               (no ring)

@: heavily drained
A: no striking features
a: no special abilities


You were on level 6 of the Dungeon.
You were very hungry.

You visited 1 branch of the dungeon, and saw 6 of its levels.
You also visited: Sewer.

You collected 125 gold pieces.

Inventory:

Hand Weapons
 d - a +1 club of crushing
 o - a +0 falchion of holy wrath (weapon)
Armour
 a - a +0 robe (worn)
 m - a +0 cloak (worn)
 s - a +1 pair of boots (worn)
Jewellery
 n - a +3 ring of dexterity {unknown}
 u - a ring of resist corrosion (left hand)
Wands
 k - a wand of enslavement (13/24)
Scrolls
 j - a scroll of enchant armour
Potions
 e - a potion of haste {unknown}
 f - 2 potions of brilliance
 g - a potion of heal wounds
 l - 2 potions of lignification
 p - a potion of curing {unknown}
 q - a potion of might {unknown}
 r - a potion of mutation {unknown}
 t - 6 potions of flight
 v - a potion of magic {unknown}
Books
 b - a Young Poisoner's Handbook

   Spells                             Type                      Level
   a - Sting                          Conjuration/Poison           1
   b - Poisonous Vapours              Poison/Air                   2
   c - Mephitic Cloud                 Conjuration/Poison/Air       3
   d - Olgreb's Toxic Radiance        Poison                       4
   e - Venom Bolt                     Conjuration/Poison           5
Comestibles
 c - 5 bread rations
 h - a fruit
 i - a meat ration


   Skills:
 + Level 3.5(1.7) Fighting
 - Level 2.4(0.6) Dodging
 - Level 2.4(0.6) Stealth
 - Level 10.0(7.8) Spellcasting
 - Level 1.1(0.0) Conjurations
 - Level 5.0(3.2) Poison Magic


You had 12 spell levels left.
You knew the following spells:

 Your Spells              Type           Power        Failure   Level  Hunger
a - Sting                 Conj/Pois      ###.         3%          1    None
b - Poisonous Vapours     Pois/Air       ###...       6%          2    None
c - Mephitic Cloud        Conj/Pois/Air  ##......     14%         3    None
d - Olgreb's Toxic Radia  Pois           ###.....     21%         4    ###....
e - Venom Bolt            Conj/Pois      ###.......   71%         5    #####..


Dungeon Overview and Level Annotations

Branches:
Dungeon (6/15)
 Temple: D:4-7

Altars:
Ashenzari
Trog

Annotations:
D:3 Kingsmith's ghost, amateur OpVM
D:6 Menkaure


Message History

Casting: Poisonous Vapours
Confirm with . or Enter, or press ? or * to list all spells.
Aiming: Poisonous Vapours
Press: ? - help, Dir - move target cursor, f/p - hippogriff
Aim: a hippogriff (moderately wounded, poisoned) Poisonous vapours surround the hippogriff!
The hippogriff is engulfed in poison gas.
The hippogriff looks as sick as possible!
Casting: Poisonous Vapours
Confirm with . or Enter, or press ? or * to list all spells.
You begin to radiate toxic energy.
The hippogriff looks as sick as possible!
The hippogriff bites you! The hippogriff pecks you! The hippogriff claws you.
The hippogriff looks as sick as possible!
Your toxic aura wanes.
The hippogriff bites you but does no damage.
The hippogriff pecks you!
* * * LOW HITPOINT WARNING * * *
The hippogriff claws you!
You die...

#..###### ## .#
#..# # ..# #.##
..# #.# #.# ##.#
#.# ##..# #.##..##
#...H.# ##...@##
##.....##.
##.........#
#..####..####..).#
#.......## #####
#.......#
#.......#
....##..# ...#
##..


You could see a hippogriff.

Vanquished Creatures
  2 ogres
  2 eyes of draining (D:4)
  A big kobold (Sewer)
  A wight (D:4)
  A centaur zombie (D:6)
  2 orc priests (D:5)
  4 orc wizards
  2 hounds
  A centaur skeleton (D:4)
  An iguana (D:4)
  3 worker ants
  A gnoll (D:4)
  3 adders
  2 river rats
  2 adder skeletons
  5 worms
  4 dart slugs
  9 orcs
  8 giant cockroaches
  4 goblins
  7 hobgoblins
  9 jackals
  3 quokkas (D:2)
  A ball python (D:2)
  11 bats
  A frilled lizard (D:1)
  8 kobolds
  11 rats
109 creatures vanquished.

Notes
Turn   | Place    | Note
-------+----------+-------------------------------------------
     0 | D:1      | Kingsmith the Deep Elf Venom Mage began the quest for the Orb.
     0 | D:1      | Reached XP level 1. HP: 10/10 MP: 6/6
   266 | D:1      | Reached skill level 4 in Spellcasting
   266 | D:1      | Reached XP level 2. HP: 15/15 MP: 6/9
   615 | D:1      | Learned a level 2 spell: Poisonous Vapours
   917 | D:2      | Reached XP level 3. HP: 16/19 MP: 7/11
   966 | D:2      | Reached skill level 5 in Spellcasting
  1481 | D:2      | Reached XP level 4. HP: 24/24 MP: 4/13
  1817 | D:3      | Reached skill level 6 in Spellcasting
  2075 | D:3      | Found a shattered altar of Ashenzari.
  2281 | D:3      | Noticed Kingsmith's ghost (amateur OpVM)
  2303 | D:4      | Learned a level 3 spell: Mephitic Cloud
  2367 | D:4      | Found a bloodstained altar of Trog.
  2417 | D:4      | Noticed an ogre
  2439 | D:4      | Killed an ogre
  2439 | D:4      | Reached skill level 5 in Poison Magic
  2439 | D:4      | Reached XP level 5. HP: 28/28 MP: 4/15
  2472 | D:4      | Found a glowing drain.
  2620 | Sewer    | Entered a sewer
  2789 | Sewer    | Reached skill level 7 in Spellcasting
  2789 | Sewer    | Reached XP level 6. HP: 32/32 MP: 0/18
  3165 | Sewer    | Found a white marble altar of Elyvilon.
  3409 | D:4      | Learned a level 4 spell: Olgreb's Toxic Radiance
  3415 | D:4      | Learned a level 5 spell: Venom Bolt
  3456 | D:4      | Reached skill level 8 in Spellcasting
  3908 | D:4      | Reached skill level 9 in Spellcasting
  3908 | D:4      | Reached XP level 7. HP: 16/36 MP: 2/21
  4074 | D:4      | Found a bloodstained altar of Trog.
  4252 | D:5      | Entered Level 5 of the Dungeon
  4476 | D:5      | Reached skill level 10 in Spellcasting
  5138 | D:5      | Reached skill level 1 in Fighting
  5342 | D:6      | Noticed Menkaure
  5603 | D:4      | Reached XP level 8. HP: 16/46 MP: 24/24
  5858 | D:6      | Noticed a hippogriff
  5870 | D:6      | Slain by a hippogriff

Skill      XL: |  1  2  3  4  5  6  7 |
---------------+----------------------+-----
Spellcasting   | 4 5 6 7 9 10 | 10.0
Poison Magic   | 5 |  5.0
Fighting       | 3 |  3.5
Dodging        | |  2.4
Stealth        | |  2.4
Conjurations   | |  1.1

Action                   |  1- 3 |  4- 6 |  7- 9 || total
-------------------------+-------+-------+-------++-------
Melee: Club              |    71 |    63 |   213 ||   347
       Unarmed           |     1 |       |       ||     1
 Cast: Sting             |    35 |    12 |       ||    47
       Poisonous Vapours |    29 |    78 |    41 ||   148
       Mephitic Cloud    |       |     2 |       ||     2
       Olgreb's Toxic Ra |       |       |     3 ||     3
  Use: Scroll            |       |     7 |     7 ||    14
       Potion            |       |       |     2 ||     2
  Eat: Chunk             |     2 |     7 |     6 ||    15
Armor: Robe              |    17 |    21 |    80 ||   118
Dodge: Dodged            |    84 |    71 |   143 ||   298
